 Dungeon Crawl Stone Soup version 0.25.1-9-gc5326a611f (webtiles) character file.

Game seed: 7208446109021116441

3555 Eitelfritz the Grappler (level 9, 0/84 HPs)
             Began as a Troll Monk on Dec 30, 2020.
             Was an Elder of Wu Jian.
             Slain by a hippogriff (3 damage)
             ... on level 7 of the Dungeon.
             The game lasted 00:21:00 (6678 turns).

Eitelfritz the Grappler (Troll Monk)                Turns: 6678, Time: 00:21:02

Health: 0/84       AC:  9    Str: 21    XL:     9   Next: 83%
Magic:  8/8        EV: 12    Int:  9    God:    Wu Jian [****..]
Gold:   228        SH:  0    Dex: 12    Spells: 8/8 levels left

rFire    . . .     SeeInvis .     - Unarmed
rCold    . . .     Gourm    +   (no shield)
rNeg     + . .     Faith    .   u - +2 robe {rN+}
rPois    .         Spirit   .   (helmet restricted)
rElec    .         Reflect  .   I - +0 cloak
rCorr    .         Harm     .   (gloves unavailable)
MR       .....                  (boots unavailable)
Stlth    ++........             (no amulet)
HPRegen  0.64/turn              (no ring)
MPRegen  0.11/turn              (no ring)

@: lethally poisoned (0 -> -1)
A: large, unfitting armour, claws 3, fast metabolism 3, gourmand, regeneration
1, shaggy fur 1, tough skin 3
a: Wall Jump, Serpent's Lash, Renounce Religion


You were on level 7 of the Dungeon.
You worshipped Wu Jian.
Wu Jian was greatly pleased with you.
You were not hungry.

You visited 2 branches of the dungeon, and saw 9 of its levels.

You collected 408 gold pieces.
You spent 180 gold pieces at shops.

Inventory:

Hand Weapons
 r - the +6 flail "Dragonbane" {elec, +Fly rElec, unknown}
   (You found it on level 4 of the Dungeon)

   Occasionally, upon striking a foe, it will discharge some electrical energy
   and cause terrible harm.
   It insulates you from electricity.
   It lets you fly.
 D - a +2 flail of protection
Missiles
 g - 10 boomerangs
 h - 44 poisoned darts (quivered)
 E - 3 throwing nets
Armour
 u - a +2 robe of positive energy (worn)
 I - a +0 cloak (worn)
Jewellery
 z - an uncursed ring of fire
 F - an uncursed amulet of faith
Wands
 x - a wand of enslavement (3)
 y - a wand of clouds (3)
 A - a wand of paralysis (4)
Scrolls
 a - 3 scrolls of fog
 e - 9 scrolls of remove curse
 k - a scroll of teleportation
 n - 2 scrolls of enchant armour
 v - 2 scrolls of identify
 w - a scroll of vulnerability {unknown}
 B - 2 scrolls of amnesia {unknown}
 C - a scroll of fear {unknown}
 G - a scroll of blinking
Potions
 c - 2 potions of flight {unknown}
 d - 2 potions of ambrosia
 f - a potion of invisibility {unknown}
 i - 4 potions of curing
 j - 2 potions of cancellation
 l - 2 potions of magic {unknown}
 m - 6 potions of lignification
 o - a potion of resistance {unknown}
 p - 2 potions of might
 q - 4 potions of brilliance {unknown}
 s - 2 potions of berserk rage
 t - a potion of haste {unknown}
 H - a potion of heal wounds {unknown}
Comestibles
 b - 18 rations


   Skills:
 + Level 3.8 Fighting
 + Level 0.6 Throwing
 + Level 5.0 Dodging
 + Level 3.4 Stealth
 + Level 11.5 Unarmed Combat


You had 8 spell levels left.
You didn't know any spells.
Your spell library was empty.

Dungeon Overview and Level Annotations

Branches:
Dungeon (8/15)             Temple (1/1) D:4
   Lair: D:8-11

Altars:
Ashenzari
Cheibriados
Dithmenos
Elyvilon
Fedhas
Gozag
Hepliaklqana
Kikubaaqudgha
Makhleb
Nemelex Xobeh
Okawaru
Qazlal
Sif Muna
Trog
Uskayaw
Vehumet
Wu Jian
Xom
Yredelemnul
Zin
The Shining One

Shops:
D:5 !

Annotations:
D:7 Kaiern's ghost, novice GrEE


Innate Abilities, Weirdness & Mutations

You are too large for most types of armour.
You have claws for hands.
Your metabolism is lightning-fast.
You like to eat raw meat.
Your natural rate of healing is unusually fast.
You are covered in fur. (AC +1)
You have extremely tough skin. (AC +3)


Message History

* * * LOW HITPOINT WARNING * * *
The hippogriff pecks you but does no damage.
The hippogriff misses you. The killer bee barely misses you.
You feel sick. The killer bee closely misses you.
You feel sick. The killer bee barely misses you.
You closely miss the killer bee. You claw the killer bee!
You kill the killer bee!
The Council accepts your kill.
You feel sick.
You feel sick.
The crimson imp blinks!
You feel sick.
The crimson imp blinks!
The crimson imp shouts, "Slither home, thou dankish dread-bolted ratsbane!"
You feel sick.
You spin and attack the hippogriff.
You scratch the hippogriff but do no damage.
The hippogriff is severely wounded.
The hippogriff bites you!
* * * LOW HITPOINT WARNING * * *
The hippogriff pecks you.
You die...

###......## #.##
##..#.....###..#
...##.##.......##
...##.###.......######
......# ##...........#
.....## ##........###
.....######.....#.##
.##.........#.....#
####.....#####..@.# #
##.....# ##..H#.##
###..##..###...###.#
#...###..##...## #.##
....####.#...## #..#
.©...###..5.## #.##
####...#...## ###
.©W###....## ##.#
..(.###...# ##.##


You could see a hippogriff and a crimson imp.

Vanquished Creatures
  A moth of wrath (D:7)
  Grinder (D:5)
  Menkaure (D:5)
  Edmund (D:5)
  2 ice beasts
  A sky beast (D:4)
  A phantom (D:6)
  10 ogres
  A centaur (D:5)
  A bullfrog (D:7)
  A scorpion (D:5)
  4 killer bees (D:7)
  6 crimson imps
  2 jellies (D:5)
  2 orc priests (D:5)
  5 hounds
  Crazy Yiuf (D:7)
  2 bullfrog skeletons
  6 orc wizards
  Natasha (thrice) (D:2)
  2 iguanas
  4 worker ants
  A worker ant zombie (D:7)
  8 gnolls (D:5)
  4 adders
  A shadow imp (D:5)
  2 oozes
  An adder zombie (D:5)
  A worm (D:2)
  2 dart slugs
  6 leopard geckos
  32 orcs
  7 giant cockroaches
  5 goblins
  5 hobgoblins
  4 jackals
  5 quokkas
  A ball python (D:1)
  4 bats (D:3)
  8 frilled lizards
  A jackal skeleton (D:4)
  6 kobolds
  A leopard gecko skeleton (D:6)
  2 rats
165 creatures vanquished.

Notes
Turn   | Place    | Note
-------+----------+-------------------------------------------
     0 | D:1      | Eitelfritz the Troll Monk began the quest for the Orb.
     0 | D:1      | Reached XP level 1. HP: 22/22 MP: 0/0
   379 | D:1      | Reached XP level 2. HP: 28/29 MP: 1/1
   899 | D:2      | Noticed Natasha
   915 | D:2      | Killed Natasha
   915 | D:2      | Reached XP level 3. HP: 12/36 MP: 2/2
   975 | D:2      | Noticed Natasha
   992 | D:2      | Killed Natasha
   992 | D:2      | Reached XP level 4. HP: 27/44 MP: 3/3
  1087 | D:2      | Noticed Natasha
  1101 | D:2      | Killed Natasha
  1101 | D:2      | Reached skill level 4 in Unarmed Combat
  1697 | D:3      | Reached XP level 5. HP: 44/53 MP: 4/4
  2244 | D:4      | Noticed an ogre
  2249 | D:4      | Noticed a sky beast
  2250 | D:4      | Killed an ogre
  2250 | D:4      | Reached skill level 5 in Unarmed Combat
  2250 | D:4      | Reached XP level 6. HP: 47/61 MP: 5/5
  2266 | D:4      | Killed a sky beast
  2344 | D:4      | Reached skill level 6 in Unarmed Combat
  2430 | D:4      | Got a shimmering flail
  2517 | D:4      | Found a staircase to the Ecumenical Temple.
  2643 | D:4      | Reached XP level 7. HP: 67/67 MP: 6/6
  2873 | Temple   | Entered the Ecumenical Temple
  2978 | Temple   | Became a worshipper of the Wu Jian Council
  2978 | Temple   | Reached * piety under Wu Jian
  2978 | Temple   | Reached ** piety under Wu Jian
  3020 | D:5      | Entered Level 5 of the Dungeon
  3023 | D:5      | You fall into a shaft and drop 3 floors!
  3031 | D:8      | Noticed a hippogriff
  3061 | D:7      | Reached skill level 7 in Unarmed Combat
  3070 | D:7      | Found a transporter.
  3072 | D:7      | Noticed Kaiern's ghost (novice GrEE)
  3074 | D:7      | Found a transporter.
  3080 | D:7      | Noticed a moth of wrath
  3080 | D:7      | Noticed a cyclops
  3189 | D:7      | Found a runed translucent door.
  3190 | D:7      | Noticed Crazy Yiuf
  3347 | D:7      | Noticed a troll
  3352 | D:7      | Found a bloodstained altar of Trog.
  3481 | D:5      | Reached skill level 8 in Unarmed Combat
  3481 | D:5      | Reached XP level 8. HP: 69/75 MP: 7/7
  3740 | D:5      | Noticed Menkaure
  3747 | D:5      | Killed Menkaure
  3786 | D:5      | Noticed Edmund
  3814 | D:5      | Killed Edmund
  3815 | D:5      | Reached skill level 9 in Unarmed Combat
  4065 | D:5      | Found Guotran's Distillery.
  4101 | D:5      | Bought a potion of berserk rage for 60 gold pieces
  4101 | D:5      | Bought a potion of curing for 36 gold pieces
  4101 | D:5      | Bought a potion of lignification for 36 gold pieces
  4101 | D:5      | Bought a potion of might for 48 gold pieces
  4155 | D:5      | Reached *** piety under Wu Jian
  4372 | D:5      | Reached XP level 9. HP: 75/83 MP: 8/8
  4380 | D:5      | Reached skill level 10 in Unarmed Combat
  4478 | D:5      | Noticed Grinder
  4484 | D:5      | Killed Grinder
  5989 | D:7      | Reached **** piety under Wu Jian
  5989 | D:7      | Reached skill level 11 in Unarmed Combat
  6505 | D:7      | Killed Crazy Yiuf
  6569 | D:7      | Killed a moth of wrath
  6569 | D:7      | Reached skill level 5 in Dodging
  6678 | D:7      | HP: 3/84 [hippogriff (8)]
  6678 | D:7      | Slain by a hippogriff

Illustrated notes

Levels and vault maps discovered:
D:1:      matt_arrival_refuge, layout_basic
D:2:      kennysheep_six_static_rooms, layout_rooms, minmay_crystal_water,
          uniq_natasha
D:3:      layout_loops_ring
D:4:      minmay_opposing_rooms, layout_rooms, minmay_temple_entry_glass
D:5:      minmay_razor_zed, layout_basic, first_ration, serial_shops,
          nicolae_shop_stone, uniq_menkaure, uniq_edmund, uniq_grinder
D:6:      layout_basic
D:7:      layout_layer_cave, gammafunk_ghost_wrathful_warriors, grunt_ogre_cave,
          chequers_serial_rivers_micro_a, kennysheep_another_room,
          uniq_crazy_yiuf_cottage
D:8:      layout_basic, dpeg_oklobed_lair, serial_shops, shop_fountains,
          zaba_antful_of_joy
Temple:   compressed_dpeg_circular_temple

Skill      XL: |  1  2  3  4  5  6  7  8  9 |
---------------+----------------------------+-----
Dodging        | 3 4 5 |  5.0
Unarmed Combat | 4 5 6 8 9 11 | 11.5
Fighting       | 3 |  3.8
Stealth        | 2 3 |  3.4
Throwing       | |  0.6

Action                   |  1- 3 |  4- 6 |  7- 9 || total
-------------------------+-------+-------+-------++-------
Melee: Unarmed           |    54 |   155 |   320 ||   529
       Punch             |       |     2 |     8 ||    10
Throw: Dart              |       |       |     4 ||     4
Invok: Whirlwind         |       |       |    94 ||    94
       Lunge             |       |       |    24 ||    24
 Abil: Wall Jump         |       |       |     1 ||     1
  Use: Scroll            |       |     8 |     1 ||     9
 Stab: Sleeping          |     1 |     2 |    10 ||    13
  Eat: Chunk             |    14 |    16 |    27 ||    57
       Ration            |       |       |     1 ||     1
Armor: Robe              |    10 |    41 |    80 ||   131
Dodge: Dodged            |    16 |    61 |   154 ||   231
